 Dungeon Crawl Stone Soup version 0.26-a0-639-g72c4674329 (webtiles) character file.

Game seed: 13538749744531274231

9 Flugslaktarn the Shield-Bearer (level 2, -4/24 HPs)
             Began as a Formicid Fighter on Sept 21, 2020.
             Hit by a boomerang thrown by an orc (6 damage)
             ... on level 4 of the Dungeon.
             The game lasted 00:00:29 (530 turns).

Flugslaktarn the Shield-Bearer (Formicid Fighter)    Turns: 530, Time: 00:00:29

Health: -4/24      AC:  5    Str: 20    XL:     2   Next: 25%
Magic:  2/2        EV:  5    Int:  9    God:
Gold:   84         SH:  9    Dex: 10    Spells: 1/1 levels left

rFire    . . .     SeeInvis +   a - +0 war axe
rCold    . . .     Faith    .   c - +0 kite shield
rNeg     . . .     Spirit   .   f - +0 chain mail
rPois    .         Reflect  .   (helmet unavailable)
rElec    .         Harm     .   (no cloak)
rCorr    .         Rampage  .   (no gloves)
MR       .....                  (no boots)
Stlth    ..........             (no amulet)
HPRegen  0.48/turn              (no ring)
MPRegen  0.08/turn              (no ring)

@: mighty
A: permanent stasis, dig shafts and tunnels, four strong arms, antennae 3,
blurry vision 1, clever 1, deformed body, regeneration 1
a: Dig, Shaft Self


You were on level 4 of the Dungeon.
You visited 1 branch of the dungeon, and saw 4 of its levels.

You collected 84 gold pieces.

Inventory:

Hand Weapons
 a - a +0 war axe (weapon)
Armour
 b - a +0 scale mail
 c - a +0 kite shield (worn)
 f - a +0 chain mail (worn)
   (You found it on level 4 of the Dungeon)
Scrolls
 e - 2 scrolls of identify {unknown}


   Skills:
 * Level 3.5 Fighting
 * Level 2.3 Axes
 + Level 3.3 Armour
 + Level 3.7 Shields


You had one spell level left.
You didn't know any spells.
Your spell library was empty.

Dungeon Overview and Level Annotations

Branches:
Dungeon (4/15)
 Temple: D:4-7

Altars:
The Shining One

Shops:
D:4 }


Innate Abilities, Weirdness & Mutations

You cannot be hasted, slowed, berserked, paralysed or teleported.
You can dig through walls and to a lower floor.
Your four strong arms can wield two-handed weapons with a shield.
You have a pair of large antennae on your head. (SInv)
Scrolls take you a little longer to read.
Your mind is acute. (Int +2)
Armour fits poorly on your strangely shaped body.
Your natural rate of healing is unusually fast.


Message History

The phantom is moderately damaged.
The phantom hits you but does no damage.
You slash the phantom!
The phantom is heavily damaged.
The phantom hits you but does no damage.
The phantom barely misses you.
You closely miss the phantom.
The phantom is heavily damaged.
The phantom hits you but does no damage.
You closely miss the phantom.
The phantom is heavily damaged.
You block the phantom's attack.
You slice the phantom!!
The phantom is almost destroyed.
The phantom hits you.
* * * LOW HITPOINT WARNING * * *
The phantom blinks!
The orc throws a boomerang.
You block the boomerang.
The weapon returns to the orc!
The orc throws a boomerang.
The boomerang hits you.
You die...

######.#### ##.## { #.#
#.# .# #.# #.# .# #.#
##'## .# #.# ##.W.## .#
#.# ##.....##.# ##.##
##.......#.# #
##....###....8..(..#.#..
#......@§o.......>......
##....###..8.∩.8..####..
##.#. ##...<...## # #.
##..8..## #. ##...## #.
##'## #. #.# #. #.# ...


You could see a phantom and an orc.

Vanquished Creatures
  2 giant cockroaches
  2 hobgoblins (D:1)
  2 kobolds
  2 quokka skeletons (D:4)
  A rat (D:3)
9 creatures vanquished.

Notes
Turn   | Place    | Note
-------+----------+-------------------------------------------
     0 | D:1      | Flugslaktarn the Formicid Fighter began the quest for the
                  | Orb.
     0 | D:1      | Reached XP level 1. HP: 18/18 MP: 1/1
   190 | D:2      | You fall into a shaft and drop 2 floors!
   301 | D:4      | Found a glowing golden altar of the Shining One.
   360 | D:4      | Noticed a phantom
   377 | D:3      | Reached XP level 2. HP: 24/24 MP: 2/2
   475 | D:4      | Found Goat's Gadget Shoppe.
   486 | D:4      | Noticed a phantom
   523 | D:4      | Gained mutation: Scrolls take you a little longer to read.
                  | [potion of mutation]
   523 | D:4      | Gained mutation: Your natural rate of healing is unusually
                  | fast. [potion of mutation]
   523 | D:4      | Gained mutation: Armour fits poorly on your strangely
                  | shaped body. [potion of mutation]
   523 | D:4      | Gained mutation: Your mind is acute. (Int +2) [potion of
                  | mutation]
   530 | D:4      | Hit by a boomerang thrown by an orc

Illustrated notes

Levels and vault maps discovered:
D:1:      mrwooster_arrival_arrow, layout_loops_cross
D:2:      layout_basic, ashenzari_conservatory_becter
D:3:      layout_rooms, regret_index_temple_of_mockery,
          nicolae_overflow_crystal_walls, fedhas_altar_2, uniq_robin
D:4:      layout_loops_corners, tso_metal_star,
          minmay_temple_entry_proselytizer, serial_shops,
          nicolae_shop_statue_plus

Action                   || total
-------------------------++-------
Melee: War axe           ||    52
  Use: Potion            ||     2
Armor: Scale mail        ||     7
       Chain mail        ||    25
Dodge: Dodged            ||    12
Block: Kite shield       ||    22

Table legend: (Time is in decaauts)
 A = Elapsed time spent in this place.
 B = Non-inter-level travel time spent in this place.
 C = Inter-level travel time spent in this place.
 D = Time resting spent in this place.
 E = Time spent auto-exploring this place.
 F = Levels seen in this place.
 G = Mean time per level.
                   A        B        C        D        E       F      G
               +--------+--------+--------+--------+--------+-----+--------+
         Total |    553 |    503 |     50 |      0 |    346 |   4 |  138.2 |
       Dungeon |    553 |    503 |     50 |      0 |    346 |   4 |  138.2 |
               +--------+--------+--------+--------+--------+-----+--------+

Top non-repeatable levels by time:
     D:4: 296 daAuts
     D:2: 141 daAuts
     D:3: 59 daAuts
     D:1: 56 daAuts
